AoeStats
← djd1993

Nomad

508877705Analyzed
2v2 RM · 9d ago on Sep 24, 2026· 36m 21s· 4 players
Game mode
Random Map
Map size
176×176
Population
200
Speed
Normal
Resources
Standard
Victory
Conquest
Starting age
Dark Age
Ending age
Imperial Age
RankedLock teamsTeams togetherTeam positionsShared explorationLock speedFull tech treeHidden civsTurbo modeCheats
Victory
Defeat
🇸🇰 Persians · Slovakia
924
+17
🇨🇿 Wu · Czechia
923
+17
🇻🇳 Persians · Vietnam
1014
-19
🇬🇧 Varangians · United Kingdom
886
-15
djd1993
12:53 Feudal Age
13:26 Double-Bit Axe
20:48 Castle Age
20:07 Forging
19:59 Scale Mail Armor
22:09 Chain Mail Armor
26:49 Stone Mining
27:39 Wheelbarrow
27:16 Arson
30:41 Elite Skirmisher
32:04 Fletching
33:26 Murder Holes
33:42 Bodkin Arrow
骨川 スネ夫
4:24 Loom
15:46 Feudal Age
20:43 Castle Age
18:43 Double-Bit Axe
18:51 Stone Mining
18:53 Gold Mining
19:23 Town Watch
19:26 Horse Collar
20:51 Wheelbarrow
24:00 Hand Cart
☣Mardo☣
5:05 Loom
13:42 Feudal Age
14:05 Double-Bit Axe
15:53 Fishing Lines
20:00 Castle Age
19:52 Scale Barding Armor
19:59 Forging
21:06 Medium Warships
22:08 Wheelbarrow
22:37 Bloodlines
29:17 Hand Cart
29:53 Parthian Tactics
30:32 Fletching
33:01 Husbandry
33:16 Thumb Ring
34:57 Bodkin Arrow
37:44 Imperial Age
ElaRyer
6:40 Loom
13:52 Feudal Age
14:23 Double-Bit Axe
22:22 Castle Age
24:32 Scale Barding Armor
24:33 Stone Mining
24:33 Gold Mining
25:01 Bow Saw
25:46 Forging
29:01 Wheelbarrow
28:14 Horse Collar
31:13 Bloodlines
34:18 Fletching
35:15 Bodkin Arrow
Connection lost

Rejoining the realm…

Still unreachable

The connection could not be restored.

Session expired

The server has moved on; the page needs a fresh start.